 Dungeon Crawl Stone Soup version 0.29.1-14-g9c671dbff4 (webtiles) character file.

Game seed: 2983788621068877569

117 sweetbreads the Digger (level 5, -4/28 HPs)
             Began as a Gargoyle Earth Elementalist on Feb 15, 2023.
             Slain by Terence
             ... wielding a +4 flail of holy wrath
              (21 damage)
             ... on level 3 of the Dungeon.
             The game lasted 00:08:08 (2065 turns).

sweetbreads the Digger (GrEE)                       Turns: 2065, Time: 00:08:08

Health: -4/28      AC: 10    Str: 12    XL:     5   Next: 1%
Magic:  3/8        EV: 12    Int: 17    God:
Gold:   131        SH:  0    Dex: 10    Spells: 4/8 levels left

rFire   . . .      SeeInvis .   a - +1 dagger (venom)
rCold   . . .      Faith    .   (no shield)
rNeg    + . .      Spirit   .   o - +2 robe
rPois   ∞          Reflect  .   (no helmet)
rElec   +          Harm     .   n - +0 cloak
rCorr   .          Rampage  .   s - +0 pair of gloves
Will    .....                   (no boots)
Stlth   ++........              (no amulet)
HPRegen 0.09/turn               (no ring)
MPRegen 0.11/turn               (no ring)

@: no status effects
A: sickness immunity, AC +4, negative energy resistance 1, electricity
resistance, torment resistance 1, petrification resistance
a: no special abilities


You were on level 3 of the Dungeon.
You visited 1 branch of the dungeon, and saw 3 of its levels.

You collected 131 gold pieces.

Inventory:

Hand Weapons
 a - a +1 dagger of venom (weapon)
 b - a +1 dagger of holy wrath
 k - a +0 short sword of venom
 v - a +0 mace of pain
Armour
 c - a +0 robe
 n - a +0 cloak (worn)
 o - a +2 robe (worn)
 s - a +0 pair of gloves (worn)
Jewellery
 j - a ring of flight
 t - a +6 ring of dexterity
 x - a ring of positive energy
Scrolls
 g - 2 scrolls of torment {unknown}
 h - 3 scrolls of identify {unknown}
 q - a scroll of fear {unknown}
 r - 4 scrolls of poison {unknown}
 u - a scroll of noise {unknown}
 w - a scroll of teleportation {unknown}
Potions
 d - a potion of flight {unknown}
 e - a potion of magic
 f - 2 potions of mutation {unknown}
 i - a potion of might
 l - 2 potions of berserk rage {unknown}
 m - a potion of ambrosia {unknown}


   Skills:
 * Level 2.1 Dodging
 * Level 3.1 Stealth
 - Level 2.0 Spellcasting
 + Level 0.7 Transmutations
 + Level 5.8 Earth Magic


You had 4 spell levels left.
You knew the following spells:

 Your Spells              Type           Power      Damage    Failure   Level
a - Sandblast             Erth           42%        2d11      1%          1
b - Stone Arrow           Conj/Erth      22%        3d8       17%         3

Your spell library contained the following spells:

 Spells                   Type           Power      Damage    Failure   Level
 Passwall                 Tmut/Erth      10%        N/A       8%          2
 Petrify                  Tmut/Erth      12%        N/A       45%         4


Dungeon Overview and Level Annotations

Branches:
Dungeon (3/15)

Altars:

Shops:
D:2 (

Annotations:
D:3 Terence


Innate Abilities, Weirdness & Mutations

You are immune to sickness and miasma.
Your stone body is resilient. (AC +4)
You are immune to poison.
You resist negative energy. (rN+)
You are resistant to electric shocks. (rElec)
You are resistant to unholy torment.
You are immune to petrification.


Message History

Terence is heavily wounded.
Terence zaps a wand.
The puff of flame hits you.
Unknown command.
Casting: Sandblast (safe; 1% risk of failure)
Confirm with . or Enter, or press ? or * to list all spells.
Aiming: Sandblast (safe; 1% risk of failure)
Press: ? - help, Shift-Dir - straight line, f/p - Terence
Aim: Terence, wielding a +4 flail of holy wrath, wearing a +0 chain mail and carrying a wand of flame (19) (heavily wounded, strong, 87% to hit)
The blast of sand misses Terence.
Terence zaps a wand.
The puff of flame misses you.
Unknown command.
Casting: Sandblast (safe; 1% risk of failure)
Confirm with . or Enter, or press ? or * to list all spells.
Aiming: Sandblast (safe; 1% risk of failure)
Press: ? - help, Shift-Dir - straight line, f/p - Terence
Aim: Terence, wielding a +4 flail of holy wrath, wearing a +0 chain mail and carrying a wand of flame (18) (heavily wounded, strong, 87% to hit)
The blast of sand misses Terence.
Terence barely misses you. x2
Unknown command.
Casting: Sandblast (safe; 1% risk of failure)
Confirm with . or Enter, or press ? or * to list all spells.
Aiming: Sandblast (safe; 1% risk of failure)
Press: ? - help, Shift-Dir - straight line, f/p - Terence
Aim: Terence, wielding a +4 flail of holy wrath, wearing a +0 chain mail and carrying a wand of flame (18) (heavily wounded, strong, 87% to hit)
The blast of sand hits Terence.
Terence is heavily wounded.
Terence zaps a wand.
The puff of flame hits you but does no damage.
Unknown command.
Casting: Sandblast (safe; 1% risk of failure)
Confirm with . or Enter, or press ? or * to list all spells.
Aiming: Sandblast (safe; 1% risk of failure)
Press: ? - help, Shift-Dir - straight line, f/p - Terence
Aim: Terence, wielding a +4 flail of holy wrath, wearing a +0 chain mail and carrying a wand of flame (17) (heavily wounded, strong, 87% to hit)
The blast of sand hits Terence.
Terence is almost dead.
Terence barely misses you.
Terence shouts, "Get ready for death!"
Terence hits you with a +4 flail of holy wrath!!
Ouch! That really hurt!
You die...

#..#.# ..### #..#.# #
..## ####.(#(# #.#.##
##.@...#.# #.#.#.
####..###@#.# #...(.
###....## #.#.# #.#.#.
#...#######.#.# #.....
#(##†###.###.###.###.#.#.
#.#.....@@(...$...#...<..
#...##.###.###.##..###.#.
#.#.#.)...(.. ..#.#......
#.#.. ##.###.# ...####.##
# #. #.... ..#.#.# #.#
... ... #.# ...#..# #.#
##.#.#. ..#.#.# ## #.#
..# .. #.. #.# #.#


You could see Terence (strong).

Vanquished Creatures
  Jessica (D:3)
  2 adders
  2 worms
  A dart slug (D:2)
  7 orcs (D:3)
  5 endoplasms
  A giant cockroach (D:1)
  4 goblins
  2 hobgoblins
  8 kobolds
  2 quokkas
  6 ball pythons
  8 bats
  2 frilled lizards
  4 rats
55 creatures vanquished.

Notes
Turn   | Place    | Note
-------+----------+-------------------------------------------
     0 | D:1      | sweetbreads the Gargoyle Earth Elementalist began the quest
                  | for the Orb.
     0 | D:1      | Reached XP level 1. HP: 10/10 MP: 3/3
   205 | D:1      | Reached skill level 4 in Earth Magic
   205 | D:1      | Reached XP level 2. HP: 15/15 MP: 1/5
   728 | D:1      | Found a faded altar of an unknown god.
  1019 | D:2      | Reached XP level 3. HP: 19/19 MP: 4/6
  1023 | D:2      | Learned a level 3 spell: Stone Arrow
  1188 | D:3      | Noticed Jessica
  1194 | D:3      | Killed Jessica
  1195 | D:3      | Reached skill level 5 in Earth Magic
  1195 | D:3      | Reached XP level 4. HP: 24/24 MP: 4/7
  1448 | D:2      | Found Xankypi's Antique Weapon Shoppe.
  2011 | D:3      | Reached XP level 5. HP: 28/28 MP: 6/8
  2036 | D:3      | Noticed Terence
  2059 | D:3      | Identified the +0 robe of Lilacs {Regen+ Int+3}
  2065 | D:3      | Slain by Terence

Illustrated notes

Levels and vault maps discovered:
D:1:      lightli_arrival_lavapool, layout_basic,
          dreamdust_ecumenical_altar_hidden_monk_grotto, nicolae_titane
D:2:      layout_rooms, serial_shops, shop
D:3:      layout_loops_ring, st_stairs_8,
          nicolae_concentric_dashed_squares_mild, uniq_terence, uniq_jessica

Skill      XL: |  1  2  3  4 |
---------------+-------------+-----
Earth Magic    | 4 5 |  5.8
Dodging        | 2 |  2.1
Stealth        | 3 |  3.1
Spellcasting   | |  2.0
Transmutations | |  0.7

Action                   |  1- 3 |  4- 6 || total
-------------------------+-------+-------++-------
Melee: Short sword       |     1 |       ||     1
       Dagger            |     1 |     6 ||     7
Throw: Dart              |     3 |     3 ||     6
 Cast: Sandblast         |    39 |    37 ||    76
Armor: Robe              |     5 |     5 ||    10
Dodge: Dodged            |     7 |     9 ||    16
